Avalanche vs Whalers
Created - 6 avril 2013 at 23:28
Goals
|
| Avalanche |
0 |
2 |
1 |
3 |
| Whalers |
1 |
3 |
0 |
4 |
|
Shots
|
| Avalanche |
18 |
18 |
8 |
44 |
| Whalers |
12 |
16 |
12 |
40 |
|
1st period
1. Whalers , Nils Ekman 8 (Sami Kapanen) at 12:39
Penalties :
Ryan Smyth (Col) for Hooking (Minor) at 18:15
2nd period
2. Whalers , Todd Bertuzzi 14 (Andy McDonald) at 3:16
3. Avalanche , Maxim Talbot 6 (Chuck Kobasew) at 4:29
4. Whalers , Nils Ekman 9 (Paul Gaustad) at 8:32
5. Avalanche , Mike Comrie 24 (Maxim Talbot) at 12:32
6. Whalers , Andy McDonald 19 (Chris Kelly) at 18:54
Penalties :
Éric Perrin (Col) for Holding (Minor) at 5:25, Todd Bertuzzi (Har) for Interference (Minor) at 9:59
3rd period
7. Avalanche , Ryan Smyth 29 (Ossi Vaananen, Oleg Kvasha) at 8:23
Penalties :
Paul Gaustad (Har) for High sticking (Minor) at 2:49, Paul Gaustad (Har) for Hooking (Minor) at 10:12, Rostislav Olesz (Col) for Tripping (Minor) at 10:12, Andrew Ladd (Col) for Holding (Minor) at 14:10, Todd Bertuzzi (Har) for Hooking (Minor) at 19:48, Jason Pominville (Col) for Tripping (Minor) at 19:48
Goalie Stats
Antti Niemi (Col), 36 saves from 40 shots - (0,900), L, 17-21-4, 59:12 minutes
Jonas Hiller (Har), 41 saves from 44 shots - (0,932), W, 13-26-4, 60:00 minutes
Players Stats for Avalanche
Player Name G A P +/- PIM S H SB GA TA FO MP PP MP PK MP
------------------------------------------------------------------------------------
Andrew Ladd 0 0 0 0 2 5 0 0 0 0 0/0 10:51 0:00 1:29
Chuck Kobasew 0 1 1 0 0 1 0 0 0 0 0/0 12:45 0:00 3:25
Dave Tanabe 0 0 0 0 0 3 0 2 0 1 0/0 22:21 2:10 2:06
Dustin Byfuglien 0 0 0 0 0 0 3 0 0 0 0/0 9:00 0:00 0:00
Éric Perrin 0 0 0 0 2 2 1 0 1 0 1/4 9:37 0:00 0:33
Jack Johnson 0 0 0 -2 0 2 3 2 0 1 0/0 23:43 2:10 2:06
Jason Pominville 0 0 0 -2 2 4 1 0 0 0 0/2 20:48 2:18 0:00
Jeff Taffe 0 0 0 0 0 1 1 1 2 0 0/0 11:54 1:48 0:33
John-Michael Liles 0 0 0 1 0 2 2 0 0 0 0/0 14:47 1:48 0:00
Marc Staal 0 0 0 -2 0 2 3 2 1 1 0/0 22:52 0:00 3:51
Mattias Norstrom 0 0 0 0 0 1 0 1 0 0 0/0 16:30 0:00 0:00
Maxim Talbot 1 1 2 0 0 2 1 1 0 0 3/10 12:36 0:00 3:25
Mike Comrie 1 0 1 1 0 4 2 0 0 0 9/14 17:18 2:18 1:24
Oleg Kvasha 0 1 1 -2 0 3 1 1 0 0 15/30 18:30 1:40 0:00
Ossi Vaananen 0 1 1 1 0 1 3 0 0 2 0/0 17:31 0:00 3:51
Radim Vrbata 0 0 0 1 0 1 1 0 2 0 1/1 14:22 1:40 0:00
Rostislav Olesz 0 0 0 1 2 2 3 0 0 0 0/0 14:05 1:40 0:00
Ryan Smyth 1 0 1 -2 2 8 2 0 0 0 2/5 22:18 2:18 1:05
Players Stats for Whalers
Player Name G A P +/- PIM S H SB GA TA FO MP PP MP PK MP
------------------------------------------------------------------------------------
Andy McDonald 1 1 2 1 0 3 2 0 0 0 1/4 21:31 2:59 2:23
Chad Kilger 0 0 0 0 0 0 0 0 0 0 0/0 6:11 0:00 1:05
Chris Kelly 0 1 1 1 0 2 2 1 0 1 13/29 19:36 2:59 1:23
Dan Girardi 0 0 0 0 0 0 0 0 0 0 0/0 2:19 0:00 0:00
Jaroslav Spacek 0 0 0 1 0 0 0 1 0 1 0/0 8:13 0:45 0:10
Jay McKee 0 0 0 -2 0 2 0 3 0 0 0/0 19:54 2:37 1:31
Mark Eaton 0 0 0 -2 0 1 1 1 0 0 0/0 21:02 1:52 0:00
Michael Rupp 0 0 0 0 0 3 2 0 0 1 4/8 12:53 0:01 0:00
Niklas Hagman 0 0 0 0 0 2 1 0 0 0 0/0 12:08 0:00 0:00
Nils Ekman 2 0 2 0 0 9 1 0 0 0 1/1 19:31 2:58 0:22
Paul Gaustad 0 1 1 0 4 2 0 0 0 0 8/13 19:22 2:57 0:00
Ray Whitney 0 0 0 0 0 1 1 0 0 0 0/1 18:34 2:58 0:00
Richard Jackman 0 0 0 1 0 1 1 1 0 0 0/0 13:34 0:00 1:21
Sami Kapanen 0 1 1 0 0 4 2 1 1 0 2/4 14:27 0:00 1:50
Stephane Robidas 0 0 0 2 0 2 1 3 4 1 0/0 30:10 3:20 2:27
Todd Bertuzzi 1 0 1 1 4 6 3 1 0 0 4/4 24:09 2:59 0:53
Vernon Fiddler 0 0 0 0 0 2 0 0 0 0 2/2 5:26 0:00 0:00
Vitaly Vishnevsky 0 0 0 2 0 0 0 1 0 2 0/0 24:48 3:20 2:27
3 Stars
1 - Nils Ekman (Har)
2 - Andy McDonald (Har)
3 - Maxim Talbot (Col)
Power Play
Avalanche - 0 on 2 Attempt(s) - 0,00%
Whalers - 0 on 3 Attempt(s) - 0,00%
Penalty Kill
Avalanche - 3 on 3 Attempt(s) - 100,00%
- Score 0 goal in Penalty Kill
Whalers - 2 on 2 Attempt(s) - 100,00%
- Score 0 goal in Penalty Kill
Official
Referees : Charron Francis and Pollock Kevin
Linesman : Thor Nelson and Scott Cherrey
Game Notes
Dan Girardi is injured at 7:05 of 1st period (Left Ankle)
4:29 of 2nd period - Avalanche goal is going for a video replay. After video review, Goal.
Finance
Level 1 -- Attendance: 4415 (73,58%) -- Ticket Income 397 350 $
Level 2 -- Attendance: 4801 (96,02%) -- Ticket Income 240 050 $
Level 3 -- Attendance: 1815 (90,75%) -- Ticket Income 54 450 $
Level 4 -- Attendance: 3915 (97,88%) -- Ticket Income 66 555 $
Luxury Box -- Attendance: 762 (76,20%) -- Ticket Income 137 160 $
Total Attendance: 15708 (87,27%)
Total Ticket Income: 895 565 $
Total Income: 895 565 $
Avalanche
5 vs 5 Forward
Center Left Wing Right Wing Time % Phy DF OF
1 Oleg Kvasha Ryan Smyth Jason Pominville 40 1 2 2
2 Mike Comrie Rostislav Olesz Radim Vrbata 30 1 2 2
3 Maxim Talbot Jeff Taffe Chuck Kobasew 15 1 2 2
4 Éric Perrin Andrew Ladd Dustin Byfuglien 15 2 2 1
5 vs 5 Defense
Defense Defense Time % Phy DF OF
1 Marc Staal Jack Johnson 40 1 2 2
2 Mattias Norstrom Dave Tanabe 33 1 2 2
3 Ossi Vaananen John-Michael Liles 27 1 2 2
4 Jack Johnson Marc Staal 0 1 2 2
PowerPlay Forward
Center Left Wing Right Wing Time % Phy DF OF
1 Mike Comrie Ryan Smyth Jason Pominville 60 1 2 2
2 Oleg Kvasha Rostislav Olesz Radim Vrbata 40 1 2 2
PowerPlay Defense
Defense Defense Time % Phy DF OF
1 Jack Johnson Dave Tanabe 60 1 2 2
2 Jeff Taffe John-Michael Liles 40 1 2 2
Penalty Kill 4 Players Forward
Center Wing Time % Phy DF OF
1 Maxim Talbot Chuck Kobasew 60 1 2 2
2 Mike Comrie Andrew Ladd 40 1 2 2
Penalty Kill 4 Players Defense
Defense Defense Time % Phy DF OF
1 Marc Staal Ossi Vaananen 60 1 2 2
2 Jack Johnson Dave Tanabe 40 1 2 2
Penalty Kill - 3 Players Forward
Forward Time % Phy DF OF
1 Ryan Smyth 60 1 2 2
2 Jason Pominville 40 1 2 2
Penalty Kill - 3 Players Defense
Defense Defense Time % Phy DF OF
1 Marc Staal Ossi Vaananen 60 1 2 2
2 Jack Johnson Dave Tanabe 40 1 2 2
4 vs 4 Forward
Center Wing Time % Phy DF OF
1 Ryan Smyth Jason Pominville 60 1 2 2
2 Oleg Kvasha Mike Comrie 40 1 2 2
4 vs 4 Defense
Defense Defense Time % Phy DF OF
1 Dave Tanabe Mattias Norstrom 60 1 2 2
2 Marc Staal Jack Johnson 40 1 2 2
Last Minutes Offensive
Center Left Wing Right Wing Defense Defense
Mike Comrie Ryan Smyth Jason Pominville Dave Tanabe Jack Johnson
Last Minutes Defensive
Center Left Wing Right Wing Defense Defense
Mike Comrie Ryan Smyth Jason Pominville Marc Staal Jack Johnson
Goaltenders
Starting : Antti Niemi
Backup : Patrick Lalime
Extra Forwards
Normal : Radim Vrbata, Chuck Kobasew, Andrew Ladd - PP : Andrew Ladd, Dustin Byfuglien - PK : Ryan Smyth
Extra Defensemen
Normal : Ossi Vaananen, Jack Johnson, Marc Staal - PP : Ossi Vaananen - PK : Jack Johnson, Marc Staal
Penalty Shots
Ryan Smyth, Oleg Kvasha, Andrew Ladd, Radim Vrbata, Mike Comrie
Whalers
5 vs 5 Forward
Center Left Wing Right Wing Time % Phy DF OF
1 Chris Kelly Andy McDonald Todd Bertuzzi 40 1 2 2
2 Paul Gaustad Ray Whitney Nils Ekman 30 1 2 2
3 Michael Rupp Niklas Hagman Sami Kapanen 20 1 2 2
4 Vernon Fiddler Chad Kilger Todd Bertuzzi 10 1 2 2
5 vs 5 Defense
Defense Defense Time % Phy DF OF
1 Stephane Robidas Vitaly Vishnevsky 40 1 2 2
2 Jay McKee Dan Girardi 30 1 2 2
3 Mark Eaton Richard Jackman 20 1 2 2
4 Jaroslav Spacek Stephane Robidas 10 1 2 2
PowerPlay Forward
Center Left Wing Right Wing Time % Phy DF OF
1 Chris Kelly Andy McDonald Todd Bertuzzi 60 1 2 2
2 Paul Gaustad Ray Whitney Nils Ekman 40 1 2 2
PowerPlay Defense
Defense Defense Time % Phy DF OF
1 Stephane Robidas Vitaly Vishnevsky 60 1 2 2
2 Jay McKee Dan Girardi 40 1 2 2
Penalty Kill 4 Players Forward
Center Wing Time % Phy DF OF
1 Todd Bertuzzi Andy McDonald 60 1 2 2
2 Nils Ekman Chris Kelly 40 1 2 2
Penalty Kill 4 Players Defense
Defense Defense Time % Phy DF OF
1 Stephane Robidas Vitaly Vishnevsky 60 1 2 2
2 Jay McKee Dan Girardi 40 1 2 2
Penalty Kill - 3 Players Forward
Forward Time % Phy DF OF
1 Todd Bertuzzi 60 1 2 2
2 Andy McDonald 40 1 2 2
Penalty Kill - 3 Players Defense
Defense Defense Time % Phy DF OF
1 Stephane Robidas Vitaly Vishnevsky 60 1 2 2
2 Jay McKee Dan Girardi 40 1 2 2
4 vs 4 Forward
Center Wing Time % Phy DF OF
1 Todd Bertuzzi Andy McDonald 60 1 2 2
2 Nils Ekman Chris Kelly 40 1 2 2
4 vs 4 Defense
Defense Defense Time % Phy DF OF
1 Stephane Robidas Vitaly Vishnevsky 60 1 2 2
2 Jay McKee Dan Girardi 40 1 2 2
Last Minutes Offensive
Center Left Wing Right Wing Defense Defense
Chris Kelly Andy McDonald Todd Bertuzzi Stephane Robidas Vitaly Vishnevsky
Last Minutes Defensive
Center Left Wing Right Wing Defense Defense
Chris Kelly Andy McDonald Todd Bertuzzi Stephane Robidas Vitaly Vishnevsky
Goaltenders
Starting : Jonas Hiller
Backup : Dan Cloutier
Extra Forwards
Normal : Michael Rupp, Vernon Fiddler, Sami Kapanen - PP : Michael Rupp, Vernon Fiddler - PK : Sami Kapanen
Extra Defensemen
Normal : Mark Eaton, Richard Jackman, Jaroslav Spacek - PP : Mark Eaton - PK : Richard Jackman, Jaroslav Spacek
Penalty Shots
Todd Bertuzzi, Andy McDonald, Nils Ekman, Chris Kelly, Ray Whitney
% Time on Ice - Avalanche
Lines # - Real PCT - Wanted PCT - Time Play
Normal Forward
1 - 37% - 40% - 17:15
2 - 26% - 30% - 12:01
3 - 19% - 15% - 8:47
4 - 19% - 15% - 9:00
Normal Defense
1 - 38% - 40% - 18:00
2 - 35% - 33% - 16:32
3 - 27% - 27% - 12:31
4 - 0% - 0% - 0:00
PP Forward
1 - 58% - 60% - 2:18
2 - 42% - 40% - 1:40
PP Defense
1 - 55% - 60% - 2:10
2 - 45% - 40% - 1:48
PK Forward
1 - 76% - 60% - 4:33
2 - 24% - 40% - 1:24
PK Defense
1 - 65% - 60% - 3:51
2 - 35% - 40% - 2:06
PK3 Forward
1 - 0% - 60%
2 - 0% - 40%
PK3 Defense
1 - 0% - 60%
2 - 0% - 40%
44 Forward
1 - 72% - 60% - 1:34
2 - 28% - 40% - 0:36
44 Defense
1 - 53% - 60% - 1:09
2 - 47% - 40% - 1:01
Last Minute Offensive - 0:52
Last Minute Defensive - 0:00
Total
Forward - 60:00
Defense - 60:00
|
% Time on Ice - Whalers
Lines # - Real PCT - Wanted PCT - Time Play
Normal Forward
1 - 32% - 40% - 15:02
2 - 33% - 30% - 15:36
3 - 26% - 20% - 12:08
4 - 10% - 10% - 4:38
Normal Defense
1 - 35% - 40% - 16:44
2 - 32% - 30% - 15:22
3 - 21% - 20% - 9:56
4 - 11% - 10% - 5:22
PP Forward
1 - 50% - 60% - 2:59
2 - 50% - 40% - 2:58
PP Defense
1 - 56% - 60% - 3:20
2 - 44% - 40% - 2:37
PK Forward
1 - 91% - 60% - 3:36
2 - 9% - 40% - 0:22
PK Defense
1 - 62% - 60% - 2:27
2 - 38% - 40% - 1:31
PK3 Forward
1 - 0% - 60%
2 - 0% - 40%
PK3 Defense
1 - 0% - 60%
2 - 0% - 40%
44 Forward
1 - 73% - 60% - 1:35
2 - 27% - 40% - 0:35
44 Defense
1 - 82% - 60% - 1:46
2 - 18% - 40% - 0:24
Last Minute Offensive - 0:00
Last Minute Defensive - 0:31
Total
Forward - 60:00
Defense - 60:00
|
Play by Play
1st period
0:01 of 1st period - Chris Kelly wins face-off versus Oleg Kvasha in neutral zone.
0:08 of 1st period - Wrist shot by Todd Bertuzzi.
0:08 of 1st period - Stopped by Antti Niemi without a rebound.
0:09 of 1st period - Chris Kelly wins face-off versus Oleg Kvasha in Avalanche zone.
0:18 of 1st period - Slapshot by Jason Pominville.
0:18 of 1st period - Shot Misses the Net.
0:46 of 1st period - Snap shot by Andy McDonald.
0:46 of 1st period - Shot Misses the Net.
0:48 of 1st period - Snap shot by Stephane Robidas.
0:48 of 1st period - Deflect By Marc Staal.
0:48 of 1st period - Stopped by Antti Niemi without a rebound.
0:49 of 1st period - Mike Comrie wins face-off versus Paul Gaustad in Avalanche zone.
0:54 of 1st period - Snap shot by Mattias Norstrom.
0:54 of 1st period - Shot Blocked by Jay McKee.
0:56 of 1st period - Snap shot by Radim Vrbata.
0:56 of 1st period - Shot Misses the Net.
0:58 of 1st period - Snap shot by Mike Comrie.
0:58 of 1st period - Stopped by Jonas Hiller with a rebound.
1:00 of 1st period - Backhand shot by Mattias Norstrom.
1:00 of 1st period - Shot Misses the Net.
1:02 of 1st period - Slapshot by Dave Tanabe.
1:02 of 1st period - Stopped by Jonas Hiller without a rebound.
1:03 of 1st period - Maxim Talbot wins face-off versus Michael Rupp in Whalers zone.
1:04 of 1st period - Snap shot by Chuck Kobasew.
1:04 of 1st period - Shot Misses the Net.
1:06 of 1st period - Slapshot by John-Michael Liles.
1:06 of 1st period - Stopped by Jonas Hiller without a rebound.
1:07 of 1st period - Michael Rupp wins face-off versus Maxim Talbot in Whalers zone.
2:01 of 1st period - Wrist shot by Mike Comrie.
2:01 of 1st period - Stopped by Jonas Hiller with a rebound.
2:03 of 1st period - Wrist shot by Mattias Norstrom.
2:03 of 1st period - Stopped by Jonas Hiller with a rebound.
2:18 of 1st period - Snap shot by Niklas Hagman.
2:18 of 1st period - Stopped by Antti Niemi with a rebound.
2:20 of 1st period - Snap shot by Michael Rupp.
2:20 of 1st period - Shot Blocked by Dave Tanabe.
2:48 of 1st period - Jay McKee is hit by Dustin Byfuglien and loses puck.
3:11 of 1st period - Vernon Fiddler is hit by Rostislav Olesz.
4:23 of 1st period - Snap shot by Mike Comrie.
4:23 of 1st period - Stopped by Jonas Hiller with a rebound.
4:41 of 1st period - Andy McDonald is hit by Ossi Vaananen and loses puck.
5:11 of 1st period - Snap shot by John-Michael Liles.
5:11 of 1st period - Shot Misses the Net.
5:13 of 1st period - Wrist shot by John-Michael Liles.
5:13 of 1st period - Stopped by Jonas Hiller with a rebound.
5:15 of 1st period - Wrist shot by Andrew Ladd.
5:15 of 1st period - Stopped by Jonas Hiller with a rebound.
5:19 of 1st period - Wrist shot by Éric Perrin.
5:19 of 1st period - Shot Blocked by Stephane Robidas.
5:21 of 1st period - Snap shot by Ossi Vaananen.
5:21 of 1st period - Shot Blocked by Jaroslav Spacek.
5:33 of 1st period - Slapshot by Jason Pominville.
5:33 of 1st period - Shot Misses the Net.
5:49 of 1st period - Michael Rupp is hit by Jack Johnson and loses puck.
6:18 of 1st period - Slapshot by Andy McDonald.
6:18 of 1st period - Stopped by Antti Niemi with a rebound.
6:32 of 1st period - Wrist shot by Oleg Kvasha.
6:32 of 1st period - Stopped by Jonas Hiller with a rebound.
6:34 of 1st period - Wrist shot by Ryan Smyth.
6:34 of 1st period - Shot Misses the Net.
6:36 of 1st period - Slapshot by Marc Staal.
6:36 of 1st period - Stopped by Jonas Hiller without a rebound.
6:37 of 1st period - Chris Kelly wins face-off versus Mike Comrie in Whalers zone.
6:48 of 1st period - Snap shot by Mike Comrie.
6:48 of 1st period - Shot Misses the Net.
7:04 of 1st period - Dan Girardi is hit by Ossi Vaananen.
7:05 of 1st period - Dan Girardi from Whalers is injured at 7:05 of 1st period (Left Ankle).
7:06 of 1st period - Chris Kelly wins face-off versus Jason Pominville in Whalers zone.
7:31 of 1st period - Snap shot by Nils Ekman.
7:31 of 1st period - Shot Misses the Net.
7:41 of 1st period - Ray Whitney is hit by Marc Staal and loses puck.
8:22 of 1st period - Snap shot by Vernon Fiddler.
8:22 of 1st period - Deflect By Dave Tanabe.
8:22 of 1st period - Shot Misses the Net.
8:22 of 1st period - Puck is out of play.
8:23 of 1st period - Oleg Kvasha wins face-off versus Ray Whitney in Avalanche zone.
8:30 of 1st period - Stephane Robidas is hit by John-Michael Liles and loses puck.
8:49 of 1st period - John-Michael Liles is hit by Chris Kelly and loses puck.
9:14 of 1st period - Snap shot by Chuck Kobasew.
9:14 of 1st period - Stopped by Jonas Hiller with a rebound.
9:38 of 1st period - Slapshot by Vernon Fiddler.
9:38 of 1st period - Stopped by Antti Niemi with a rebound.
10:18 of 1st period - Off-side.
10:19 of 1st period - Michael Rupp wins face-off versus Oleg Kvasha in neutral zone.
10:50 of 1st period - Dave Tanabe is hit by Stephane Robidas and loses puck.
11:11 of 1st period - Mattias Norstrom is hit by Andy McDonald and loses puck.
11:46 of 1st period - Snap shot by Michael Rupp.
11:46 of 1st period - Shot Misses the Net.
12:28 of 1st period - Marc Staal is hit by Todd Bertuzzi and loses puck.
12:39 of 1st period - Wrist shot by Nils Ekman.
12:39 of 1st period - Goal by Nils Ekman - Avalanche : 0 - Whalers : 1.
12:40 of 1st period - Paul Gaustad wins face-off versus Oleg Kvasha in neutral zone.
12:51 of 1st period - Backhand shot by Jason Pominville.
12:51 of 1st period - Stopped by Jonas Hiller without a rebound.
12:52 of 1st period - Oleg Kvasha wins face-off versus Chris Kelly in Whalers zone.
12:59 of 1st period - Snap shot by Chris Kelly.
12:59 of 1st period - Shot Misses the Net.
13:01 of 1st period - Slapshot by Stephane Robidas.
13:01 of 1st period - Shot Blocked by Jack Johnson.
13:19 of 1st period - Radim Vrbata is hit by Nils Ekman.
13:27 of 1st period - Wrist shot by Radim Vrbata.
13:27 of 1st period - Shot Misses the Net.
14:17 of 1st period - Slapshot by Jason Pominville.
14:17 of 1st period - Deflect By Nils Ekman.
14:17 of 1st period - Stopped by Jonas Hiller with a rebound.
14:23 of 1st period - Wrist shot by Ryan Smyth.
14:23 of 1st period - Stopped by Jonas Hiller without a rebound.
14:24 of 1st period - Oleg Kvasha wins face-off versus Chris Kelly in Whalers zone.
14:29 of 1st period - Snap shot by Ryan Smyth.
14:29 of 1st period - Stopped by Jonas Hiller without a rebound.
14:30 of 1st period - Oleg Kvasha wins face-off versus Chris Kelly in Whalers zone.
14:33 of 1st period - Snap shot by Ryan Smyth.
14:33 of 1st period - Stopped by Jonas Hiller without a rebound.
14:34 of 1st period - Todd Bertuzzi wins face-off versus Oleg Kvasha in Whalers zone.
14:39 of 1st period - Wrist shot by Jason Pominville.
14:39 of 1st period - Stopped by Jonas Hiller with a rebound.
14:59 of 1st period - Stephane Robidas is hit by Ryan Smyth and loses puck.
15:03 of 1st period - Icing by Stephane Robidas.
15:04 of 1st period - Mike Comrie wins face-off versus Andy McDonald in Whalers zone.
16:22 of 1st period - Paul Gaustad is hit by Jack Johnson and loses puck.
16:33 of 1st period - Éric Perrin is hit by Sami Kapanen and loses puck.
16:42 of 1st period - Snap shot by Éric Perrin.
16:42 of 1st period - Stopped by Jonas Hiller without a rebound.
16:43 of 1st period - Vernon Fiddler wins face-off versus Oleg Kvasha in Whalers zone.
17:09 of 1st period - Dave Tanabe is hit by Mark Eaton and loses puck.
18:15 of 1st period - Minor Penalty to Ryan Smyth for Hooking.
18:16 of 1st period - Paul Gaustad wins face-off versus Maxim Talbot in Avalanche zone.
18:21 of 1st period - Slapshot by Paul Gaustad.
18:21 of 1st period - Shot Blocked by Marc Staal.
18:23 of 1st period - Wrist shot by Paul Gaustad.
18:23 of 1st period - Shot Misses the Net.
18:25 of 1st period - Slapshot by Mark Eaton.
18:25 of 1st period - Deflect By Ossi Vaananen.
18:25 of 1st period - Stopped by Antti Niemi without a rebound.
18:26 of 1st period - Paul Gaustad wins face-off versus Maxim Talbot in Avalanche zone.
18:59 of 1st period - Wrist shot by Nils Ekman.
18:59 of 1st period - Stopped by Antti Niemi with a rebound.
19:01 of 1st period - Slapshot by Ray Whitney.
19:01 of 1st period - Deflect By Paul Gaustad.
19:01 of 1st period - Stopped by Antti Niemi with a rebound.
19:03 of 1st period - Snap shot by Ray Whitney.
19:03 of 1st period - Shot Misses the Net.
19:05 of 1st period - Wrist shot by Nils Ekman.
19:05 of 1st period - Stopped by Antti Niemi with a rebound.
19:07 of 1st period - Slapshot by Nils Ekman.
19:07 of 1st period - Stopped by Antti Niemi with a rebound.
19:09 of 1st period - Slapshot by Jay McKee.
19:09 of 1st period - Shot Blocked by Dave Tanabe.
19:11 of 1st period - Slapshot by Jay McKee.
19:11 of 1st period - Stopped by Antti Niemi without a rebound.
19:12 of 1st period - Chris Kelly wins face-off versus Mike Comrie in Avalanche zone.
19:43 of 1st period - Ossi Vaananen is hit by Todd Bertuzzi.
19:55 of 1st period - Mark Eaton is hit by Éric Perrin and loses puck.
2nd period
0:01 of 2nd period - Chris Kelly wins face-off versus Maxim Talbot in neutral zone.
0:15 of 2nd period - Penalty to Ryan Smyth is over, Ryan Smyth is back on ice.
0:31 of 2nd period - Snap shot by Rostislav Olesz.
0:31 of 2nd period - Shot Misses the Net.
0:33 of 2nd period - Slapshot by Ossi Vaananen.
0:33 of 2nd period - Stopped by Jonas Hiller with a rebound.
0:35 of 2nd period - Snap shot by Radim Vrbata.
0:35 of 2nd period - Shot Misses the Net.
1:07 of 2nd period - Mattias Norstrom is hit by Chris Kelly and loses puck.
1:16 of 2nd period - Slapshot by Andy McDonald.
1:16 of 2nd period - Shot Blocked by Mattias Norstrom.
1:37 of 2nd period - Wrist shot by Jeff Taffe.
1:37 of 2nd period - Stopped by Jonas Hiller with a rebound.
1:52 of 2nd period - Vitaly Vishnevsky is hit by Ryan Smyth.
2:23 of 2nd period - Stephane Robidas is hit by Rostislav Olesz and loses puck.
2:48 of 2nd period - Snap shot by Sami Kapanen.
2:48 of 2nd period - Shot Blocked by Marc Staal.
2:50 of 2nd period - Slapshot by Jaroslav Spacek.
2:50 of 2nd period - Shot Blocked by Jack Johnson.
2:52 of 2nd period - Snap shot by Niklas Hagman.
2:52 of 2nd period - Deflect By Sami Kapanen.
2:52 of 2nd period - Stopped by Antti Niemi without a rebound.
2:53 of 2nd period - Chris Kelly wins face-off versus Oleg Kvasha in Avalanche zone.
3:04 of 2nd period - Wrist shot by Todd Bertuzzi.
3:04 of 2nd period - Deflect By Andy McDonald.
3:04 of 2nd period - Shot Misses the Net.
3:04 of 2nd period - Puck is out of play.
3:05 of 2nd period - Chris Kelly wins face-off versus Oleg Kvasha in Avalanche zone.
3:08 of 2nd period - Wrist shot by Todd Bertuzzi.
3:08 of 2nd period - Deflect By Andy McDonald.
3:08 of 2nd period - Shot Blocked by Oleg Kvasha.
3:08 of 2nd period - Puck is out of play.
3:09 of 2nd period - Oleg Kvasha wins face-off versus Chris Kelly in Avalanche zone.
3:16 of 2nd period - Wrist shot by Todd Bertuzzi.
3:16 of 2nd period - Goal by Todd Bertuzzi - Avalanche : 0 - Whalers : 2.
3:17 of 2nd period - Oleg Kvasha wins face-off versus Chris Kelly in neutral zone.
3:42 of 2nd period - Stephane Robidas is hit by Radim Vrbata and loses puck.
4:07 of 2nd period - Wrist shot by Andrew Ladd.
4:07 of 2nd period - Shot Misses the Net.
4:09 of 2nd period - Slapshot by Andrew Ladd.
4:09 of 2nd period - Stopped by Jonas Hiller with a rebound.
4:27 of 2nd period - Slapshot by Chuck Kobasew.
4:27 of 2nd period - Shot Blocked by Jay McKee.
4:29 of 2nd period - Wrist shot by Maxim Talbot.
4:29 of 2nd period - Avalanche goal is going for a video replay.
4:29 of 2nd period - The goal is good.
4:29 of 2nd period - Goal by Maxim Talbot - Avalanche : 1 - Whalers : 2.
4:30 of 2nd period - Oleg Kvasha wins face-off versus Chris Kelly in neutral zone.
4:55 of 2nd period - Dave Tanabe is hit by Ray Whitney and loses puck.
5:16 of 2nd period - Snap shot by Sami Kapanen.
5:16 of 2nd period - Stopped by Antti Niemi with a rebound.
5:25 of 2nd period - Minor Penalty to Éric Perrin for Holding.
5:26 of 2nd period - Maxim Talbot wins face-off versus Chris Kelly in Avalanche zone.
7:25 of 2nd period - Penalty to Éric Perrin is over, Éric Perrin is back on ice.
7:45 of 2nd period - Mike Comrie is hit by Michael Rupp and loses puck.
8:18 of 2nd period - Wrist shot by Vernon Fiddler.
8:18 of 2nd period - Shot Misses the Net.
8:20 of 2nd period - Snap shot by Chad Kilger.
8:20 of 2nd period - Deflect By Vernon Fiddler.
8:20 of 2nd period - Stopped by Antti Niemi without a rebound.
8:21 of 2nd period - Vernon Fiddler wins face-off versus Maxim Talbot in Avalanche zone.
8:22 of 2nd period - Slapshot by Todd Bertuzzi.
8:22 of 2nd period - Deflect By Maxim Talbot.
8:22 of 2nd period - Stopped by Antti Niemi with a rebound.
8:26 of 2nd period - Snap shot by Vernon Fiddler.
8:26 of 2nd period - Shot Misses the Net.
8:28 of 2nd period - Slapshot by Jay McKee.
8:28 of 2nd period - Stopped by Antti Niemi without a rebound.
8:29 of 2nd period - Paul Gaustad wins face-off versus Oleg Kvasha in Avalanche zone.
8:32 of 2nd period - Slapshot by Nils Ekman.
8:32 of 2nd period - Goal by Nils Ekman - Avalanche : 1 - Whalers : 3.
8:33 of 2nd period - Oleg Kvasha wins face-off versus Chris Kelly in neutral zone.
9:22 of 2nd period - Slapshot by Stephane Robidas.
9:22 of 2nd period - Deflect By Sami Kapanen.
9:22 of 2nd period - Stopped by Antti Niemi with a rebound.
9:24 of 2nd period - Wrist shot by Michael Rupp.
9:24 of 2nd period - Stopped by Antti Niemi with a rebound.
9:26 of 2nd period - Slapshot by Stephane Robidas.
9:26 of 2nd period - Stopped by Antti Niemi without a rebound.
9:27 of 2nd period - Oleg Kvasha wins face-off versus Chris Kelly in Avalanche zone.
9:59 of 2nd period - Minor Penalty to Todd Bertuzzi for Interference.
10:00 of 2nd period - Sami Kapanen wins face-off versus Mike Comrie in Whalers zone.
10:07 of 2nd period - Wrist shot by Mike Comrie.
10:07 of 2nd period - Shot Misses the Net.
10:09 of 2nd period - Slapshot by Jack Johnson.
10:09 of 2nd period - Shot Blocked by Sami Kapanen.
10:11 of 2nd period - Wrist shot by Ryan Smyth.
10:11 of 2nd period - Stopped by Jonas Hiller without a rebound.
10:12 of 2nd period - Mike Comrie wins face-off versus Sami Kapanen in Whalers zone.
10:39 of 2nd period - Snap shot by Rostislav Olesz.
10:39 of 2nd period - Stopped by Jonas Hiller without a rebound.
10:40 of 2nd period - Oleg Kvasha wins face-off versus Sami Kapanen in Whalers zone.
11:29 of 2nd period - Slapshot by Rostislav Olesz.
11:29 of 2nd period - Stopped by Jonas Hiller with a rebound.
11:31 of 2nd period - Snap shot by Jack Johnson.
11:31 of 2nd period - Shot Blocked by Stephane Robidas.
11:33 of 2nd period - Wrist shot by Dave Tanabe.
11:33 of 2nd period - Stopped by Jonas Hiller without a rebound.
11:34 of 2nd period - Chris Kelly wins face-off versus Oleg Kvasha in Whalers zone.
11:47 of 2nd period - Slapshot by Jack Johnson.
11:47 of 2nd period - Deflect By Sami Kapanen.
11:47 of 2nd period - Stopped by Jonas Hiller without a rebound.
11:48 of 2nd period - Sami Kapanen wins face-off versus Mike Comrie in Whalers zone.
11:48 of 2nd period - Sami Kapanen is hit by Jack Johnson.
11:59 of 2nd period - Penalty to Todd Bertuzzi is over, Todd Bertuzzi is back on ice.
12:32 of 2nd period - Snap shot by Mike Comrie.
12:32 of 2nd period - Goal by Mike Comrie - Avalanche : 2 - Whalers : 3.
12:33 of 2nd period - Todd Bertuzzi wins face-off versus Oleg Kvasha in neutral zone.
12:46 of 2nd period - Snap shot by Todd Bertuzzi.
12:46 of 2nd period - Stopped by Antti Niemi without a rebound.
12:47 of 2nd period - Oleg Kvasha wins face-off versus Chris Kelly in Avalanche zone.
12:54 of 2nd period - Wrist shot by Ryan Smyth.
12:54 of 2nd period - Stopped by Jonas Hiller with a rebound.
12:56 of 2nd period - Snap shot by Jason Pominville.
12:56 of 2nd period - Deflect By Oleg Kvasha.
12:56 of 2nd period - Stopped by Jonas Hiller with a rebound.
12:58 of 2nd period - Wrist shot by Oleg Kvasha.
12:58 of 2nd period - Shot Misses the Net.
13:00 of 2nd period - Wrist shot by Ossi Vaananen.
13:00 of 2nd period - Shot Blocked by Todd Bertuzzi.
13:14 of 2nd period - Paul Gaustad is hit by John-Michael Liles and loses puck.
13:34 of 2nd period - Snap shot by Michael Rupp.
13:34 of 2nd period - Stopped by Antti Niemi without a rebound.
13:35 of 2nd period - Michael Rupp wins face-off versus Maxim Talbot in Avalanche zone.
13:36 of 2nd period - Snap shot by Niklas Hagman.
13:36 of 2nd period - Stopped by Antti Niemi with a rebound.
14:00 of 2nd period - Chris Kelly is hit by Marc Staal and loses puck.
14:21 of 2nd period - Snap shot by Andrew Ladd.
14:21 of 2nd period - Stopped by Jonas Hiller with a rebound.
15:04 of 2nd period - Slapshot by Radim Vrbata.
15:04 of 2nd period - Stopped by Jonas Hiller with a rebound.
15:36 of 2nd period - Nils Ekman is hit by Jason Pominville and loses puck.
15:40 of 2nd period - Icing by Jay McKee.
15:41 of 2nd period - Mike Comrie wins face-off versus Paul Gaustad in Whalers zone.
16:06 of 2nd period - Jason Pominville is hit by Todd Bertuzzi and loses puck.
16:33 of 2nd period - Snap shot by Andrew Ladd.
16:33 of 2nd period - Stopped by Jonas Hiller with a rebound.
16:35 of 2nd period - Slapshot by Dustin Byfuglien.
16:35 of 2nd period - Deflect By Éric Perrin.
16:35 of 2nd period - Stopped by Jonas Hiller with a rebound.
16:37 of 2nd period - Slapshot by Marc Staal.
16:37 of 2nd period - Shot Misses the Net.
16:39 of 2nd period - Wrist shot by Éric Perrin.
16:39 of 2nd period - Shot Misses the Net.
16:41 of 2nd period - Wrist shot by Andrew Ladd.
16:41 of 2nd period - Stopped by Jonas Hiller with a rebound.
17:28 of 2nd period - Richard Jackman is hit by Ossi Vaananen.
17:37 of 2nd period - Off-side.
17:38 of 2nd period - Éric Perrin wins face-off versus Chris Kelly in neutral zone.
18:03 of 2nd period - Ray Whitney is hit by Oleg Kvasha and loses puck.
18:50 of 2nd period - Wrist shot by Nils Ekman.
18:50 of 2nd period - Stopped by Antti Niemi without a rebound.
18:51 of 2nd period - Chris Kelly wins face-off versus Oleg Kvasha in Avalanche zone.
18:54 of 2nd period - Snap shot by Andy McDonald.
18:54 of 2nd period - Goal by Andy McDonald - Avalanche : 2 - Whalers : 4.
18:55 of 2nd period - Oleg Kvasha wins face-off versus Chris Kelly in neutral zone.
19:08 of 2nd period - Snap shot by Oleg Kvasha.
19:08 of 2nd period - Shot Blocked by Vitaly Vishnevsky.
19:10 of 2nd period - Slapshot by Marc Staal.
19:10 of 2nd period - Stopped by Jonas Hiller with a rebound.
19:20 of 2nd period - Marc Staal is hit by Michael Rupp and loses puck.
19:25 of 2nd period - Slapshot by Sami Kapanen.
19:25 of 2nd period - Stopped by Antti Niemi without a rebound.
19:26 of 2nd period - Mike Comrie wins face-off versus Michael Rupp in Avalanche zone.
19:38 of 2nd period - Snap shot by Mike Comrie.
19:38 of 2nd period - Shot Blocked by Richard Jackman.
19:46 of 2nd period - Dave Tanabe is hit by Niklas Hagman and loses puck.
3rd period
0:01 of 3rd period - Oleg Kvasha wins face-off versus Chris Kelly in neutral zone.
1:40 of 3rd period - Icing by Dave Tanabe.
1:41 of 3rd period - Oleg Kvasha wins face-off versus Andy McDonald in Avalanche zone.
2:06 of 3rd period - Snap shot by Oleg Kvasha.
2:06 of 3rd period - Shot Misses the Net.
2:08 of 3rd period - Backhand shot by Mattias Norstrom.
2:08 of 3rd period - Shot Blocked by Chris Kelly.
2:10 of 3rd period - Wrist shot by Ryan Smyth.
2:10 of 3rd period - Shot Misses the Net.
2:12 of 3rd period - Snap shot by Oleg Kvasha.
2:12 of 3rd period - Shot Blocked by Stephane Robidas.
2:30 of 3rd period - Wrist shot by Ryan Smyth.
2:30 of 3rd period - Stopped by Jonas Hiller with a rebound.
2:32 of 3rd period - Wrist shot by Oleg Kvasha.
2:32 of 3rd period - Stopped by Jonas Hiller without a rebound.
2:33 of 3rd period - Mike Comrie wins face-off versus Paul Gaustad in Whalers zone.
2:49 of 3rd period - Minor Penalty to Paul Gaustad for High sticking.
2:50 of 3rd period - Todd Bertuzzi wins face-off versus Mike Comrie in Whalers zone.
3:17 of 3rd period - Todd Bertuzzi is hit by Rostislav Olesz and loses puck.
4:13 of 3rd period - Chad Kilger is hit by Jeff Taffe and loses puck.
4:49 of 3rd period - Penalty to Paul Gaustad is over, Paul Gaustad is back on ice.
4:52 of 3rd period - Sami Kapanen is hit by Mike Comrie.
5:16 of 3rd period - Wrist shot by Paul Gaustad.
5:16 of 3rd period - Stopped by Antti Niemi without a rebound.
5:17 of 3rd period - Paul Gaustad wins face-off versus Éric Perrin in Avalanche zone.
5:18 of 3rd period - Wrist shot by Ray Whitney.
5:18 of 3rd period - Deflect By Dustin Byfuglien.
5:18 of 3rd period - Shot Hit the Post.
5:18 of 3rd period - Puck is out of play.
5:19 of 3rd period - Paul Gaustad wins face-off versus Éric Perrin in Avalanche zone.
5:24 of 3rd period - Wrist shot by Nils Ekman.
5:24 of 3rd period - Stopped by Antti Niemi with a rebound.
5:26 of 3rd period - Slapshot by Richard Jackman.
5:26 of 3rd period - Shot Misses the Net.
5:28 of 3rd period - Snap shot by Nils Ekman.
5:28 of 3rd period - Shot Misses the Net.
5:32 of 3rd period - Wrist shot by Ray Whitney.
5:32 of 3rd period - Stopped by Antti Niemi without a rebound.
5:33 of 3rd period - Chris Kelly wins face-off versus Oleg Kvasha in Avalanche zone.
5:33 of 3rd period - Chris Kelly is hit by Marc Staal.
5:35 of 3rd period - Snap shot by Stephane Robidas.
5:35 of 3rd period - Shot Misses the Net.
8:19 of 3rd period - Backhand shot by Oleg Kvasha.
8:19 of 3rd period - Shot Misses the Net.
8:21 of 3rd period - Slapshot by Ossi Vaananen.
8:21 of 3rd period - Shot Misses the Net.
8:23 of 3rd period - Snap shot by Ryan Smyth.
8:23 of 3rd period - Goal by Ryan Smyth - Avalanche : 3 - Whalers : 4.
8:24 of 3rd period - Oleg Kvasha wins face-off versus Chris Kelly in neutral zone.
8:35 of 3rd period - Snap shot by Chris Kelly.
8:35 of 3rd period - Stopped by Antti Niemi with a rebound.
8:37 of 3rd period - Slapshot by Andy McDonald.
8:37 of 3rd period - Stopped by Antti Niemi with a rebound.
9:08 of 3rd period - Maxim Talbot is hit by Sami Kapanen and loses puck.
9:27 of 3rd period - John-Michael Liles is hit by Andy McDonald and loses puck.
9:48 of 3rd period - Backhand shot by Maxim Talbot.
9:48 of 3rd period - Shot Misses the Net.
9:50 of 3rd period - Wrist shot by Jack Johnson.
9:50 of 3rd period - Shot Blocked by Mark Eaton.
9:54 of 3rd period - Wrist shot by Maxim Talbot.
9:54 of 3rd period - Stopped by Jonas Hiller without a rebound.
9:55 of 3rd period - Chris Kelly wins face-off versus Oleg Kvasha in Whalers zone.
10:09 of 3rd period - Slapshot by Dave Tanabe.
10:09 of 3rd period - Stopped by Jonas Hiller without a rebound.
10:10 of 3rd period - Radim Vrbata wins face-off versus Paul Gaustad in Whalers zone.
10:12 of 3rd period - Minor Penalty to Paul Gaustad for Hooking.
10:12 of 3rd period - Minor Penalty to Rostislav Olesz for Tripping.
10:13 of 3rd period - Todd Bertuzzi wins face-off versus Ryan Smyth in Whalers zone.
10:26 of 3rd period - Wrist shot by Todd Bertuzzi.
10:26 of 3rd period - Stopped by Antti Niemi with a rebound.
10:52 of 3rd period - Slapshot by Stephane Robidas.
10:52 of 3rd period - Deflect By Nils Ekman.
10:52 of 3rd period - Stopped by Antti Niemi without a rebound.
10:53 of 3rd period - Nils Ekman wins face-off versus Oleg Kvasha in Avalanche zone.
11:04 of 3rd period - Snap shot by Nils Ekman.
11:04 of 3rd period - Stopped by Antti Niemi without a rebound.
11:05 of 3rd period - Andy McDonald wins face-off versus Ryan Smyth in Avalanche zone.
11:06 of 3rd period - Wrist shot by Todd Bertuzzi.
11:06 of 3rd period - Stopped by Antti Niemi with a rebound.
12:12 of 3rd period - Penalty to Paul Gaustad is over, Paul Gaustad is back on ice.
12:12 of 3rd period - Penalty to Rostislav Olesz is over, Rostislav Olesz is back on ice.
12:32 of 3rd period - Snap shot by Chuck Kobasew.
12:32 of 3rd period - Shot Blocked by Jay McKee.
12:34 of 3rd period - Wrist shot by Rostislav Olesz.
12:34 of 3rd period - Shot Misses the Net.
12:36 of 3rd period - Slapshot by Jack Johnson.
12:36 of 3rd period - Stopped by Jonas Hiller without a rebound.
12:37 of 3rd period - Paul Gaustad wins face-off versus Éric Perrin in Whalers zone.
12:37 of 3rd period - Paul Gaustad is hit by Dustin Byfuglien.
13:13 of 3rd period - Mike Comrie is hit by Richard Jackman.
14:10 of 3rd period - Minor Penalty to Andrew Ladd for Holding.
14:11 of 3rd period - Maxim Talbot wins face-off versus Andy McDonald in Avalanche zone.
14:26 of 3rd period - Slapshot by Stephane Robidas.
14:26 of 3rd period - Shot Blocked by Maxim Talbot.
14:36 of 3rd period - Ray Whitney is hit by Maxim Talbot and loses puck.
16:10 of 3rd period - Penalty to Andrew Ladd is over, Andrew Ladd is back on ice.
16:23 of 3rd period - Wrist shot by Michael Rupp.
16:23 of 3rd period - Stopped by Antti Niemi with a rebound.
16:25 of 3rd period - Slapshot by Richard Jackman.
16:25 of 3rd period - Shot Blocked by Jeff Taffe.
16:27 of 3rd period - Slapshot by Richard Jackman.
16:27 of 3rd period - Stopped by Antti Niemi without a rebound.
16:28 of 3rd period - Paul Gaustad wins face-off versus Jason Pominville in Avalanche zone.
17:01 of 3rd period - Wrist shot by Ryan Smyth.
17:01 of 3rd period - Shot Misses the Net.
17:19 of 3rd period - Ray Whitney is hit by Mike Comrie.
17:33 of 3rd period - Chris Kelly is hit by Dustin Byfuglien and loses puck.
18:08 of 3rd period - Off-side.
18:09 of 3rd period - Mike Comrie wins face-off versus Paul Gaustad in neutral zone.
18:18 of 3rd period - Slapshot by Chris Kelly.
18:18 of 3rd period - Stopped by Antti Niemi without a rebound.
18:19 of 3rd period - Chris Kelly wins face-off versus Maxim Talbot in Avalanche zone.
19:01 of 3rd period - Avalanche, Antti Niemi is pulled from the net.
19:09 of 3rd period - Wrist shot by Mike Comrie.
19:09 of 3rd period - Shot Misses the Net.
19:11 of 3rd period - Snap shot by Jason Pominville.
19:11 of 3rd period - Shot Misses the Net.
19:13 of 3rd period - Wrist shot by Ryan Smyth.
19:13 of 3rd period - Stopped by Jonas Hiller with a rebound.
19:15 of 3rd period - Wrist shot by Jason Pominville.
19:15 of 3rd period - Shot Misses the Net.
19:17 of 3rd period - Snap shot by Dave Tanabe.
19:17 of 3rd period - Deflect By Jason Pominville.
19:17 of 3rd period - Shot Misses the Net.
19:17 of 3rd period - Puck is out of play.
19:18 of 3rd period - Patrick Roy call a timeout for Avalanche.
19:18 of 3rd period - Mike Comrie wins face-off versus Chris Kelly in Whalers zone.
19:37 of 3rd period - Slapshot by Jason Pominville.
19:37 of 3rd period - Stopped by Jonas Hiller without a rebound.
19:38 of 3rd period - Mike Comrie wins face-off versus Chris Kelly in Whalers zone.
19:48 of 3rd period - Minor Penalty to Todd Bertuzzi for Hooking.
19:48 of 3rd period - Minor Penalty to Jason Pominville for Tripping.
19:49 of 3rd period - Antti Niemi from Avalanche was sent back in the game.
19:49 of 3rd period - Ryan Smyth wins face-off versus Michael Rupp in Avalanche zone.
19:53 of 3rd period - Off-side.
19:54 of 3rd period - Ryan Smyth wins face-off versus Michael Rupp in neutral zone.
19:56 of 3rd period - Off-side.
19:57 of 3rd period - Michael Rupp wins face-off versus Ryan Smyth in neutral zone.
Output by the SimonT Hockey Simulator (STHS) for François Prévost -- Original Page W3C XHTML 1.0 Valid